 Dungeon Crawl Stone Soup version 0.30-a0-465-g8901f6c8b5 (webtiles) character file.

Game seed: 5024380698467936917

47782 Charly the Dancer (level 14, -12/79 HPs)
             Began as a Vine Stalker Brigand on Dec 17, 2022.
             Was the Champion of Uskayaw.
             Mangled by a spriggan rider
             ... wielding a +0 spear
              (17 damage)
             ... on level 5 of the Lair of Beasts.
             The game lasted 00:55:09 (16042 turns).

Charly the Dancer (Vine Stalker Brigand)           Turns: 16042, Time: 00:55:10

Health: -12/79     AC: 25    Str: 24    XL:     14   Next: 43%
Magic:  0/25       EV: 10    Int: 11    God:    Uskayaw [******]
Gold:   380        SH:  6    Dex: 17    Spells: 13/13 levels left

rFire   . . .      SeeInvis .    y - +4 quick blade (protect)
rCold   . . .      Faith    .    V - +0 buckler
rNeg    . . .      Spirit   +    L - +1 scale mail of the Equator {rElec Slay+2}
rPois   .          Reflect  .    (no helmet)
rElec   +          Harm     .    w - +2 cloak
rCorr   .          Rampage  .    x - +2 pair of gloves
Will    ++...                    Y - +2 pair of boots {Fly}
Stlth   +++.......               a - amulet of regeneration
HPRegen 1.93/turn                m - ring of willpower
MPRegen 0.19/turn                z - +6 ring of strength

@: about to teleport, marked, under a protective aura, flying
A: fangs 3, regeneration 1, magic shield, antimagic bite, no potion heal 2
a: Renounce Religion, Stomp, Line Pass, Grand Finale


You were on level 5 of the Lair of Beasts.
You worshipped Uskayaw.
Uskayaw was pleased with you.
You visited 3 branches of the dungeon, and saw 18 of its levels.
You also visited: Ossuary and Volcano.

You collected 1053 gold pieces.
You spent 673 gold pieces at shops.

Inventory:

Hand Weapons
 y - a +4 quick blade of protection (weapon)
Missiles
 d - 62 poisoned darts
 s - 4 throwing nets
 t - 14 curare-tipped darts (quivered)
 M - 4 atropa-tipped darts
Armour
 w - a +2 cloak (worn)
 x - a +2 pair of gloves (worn)
 L - the +1 scale mail of the Equator (worn) {rElec Slay+2}
   (You found it on level 8 of the Dungeon)

   Slay:      It affects your accuracy & damage with ranged weapons and melee
   (+2).
   rElec:     It insulates you from electricity.
 V - a +0 buckler (worn)
 Y - a +2 pair of boots of flying (worn)
Jewellery
 a - an amulet of regeneration (around neck)
 i - a ring of see invisible
 m - a ring of willpower (left hand)
 z - a +6 ring of strength (right hand)
 C - a ring of resist corrosion
Wands
 c - a wand of roots (6)
 e - a wand of charming (27)
 E - a wand of acid (13)
 G - a wand of mindburst (15)
 H - a wand of flame (27)
 R - a wand of digging (5)
Scrolls
 b - 6 scrolls of fear
 f - 2 scrolls of brand weapon
 j - 5 scrolls of teleportation
 n - 4 scrolls of magic mapping
 o - 2 scrolls of poison
 u - 6 scrolls of identify
 v - 2 scrolls of noise
 I - a scroll of blinking
 J - a scroll of enchant armour
 P - 2 scrolls of vulnerability
 Q - 2 scrolls of torment
 T - 3 scrolls of fog
Potions
 g - 12 potions of curing
 h - 7 potions of attraction
 k - a potion of resistance
 l - a potion of haste
 p - 3 potions of ambrosia
 q - a potion of berserk rage
 r - a potion of invisibility
 A - 5 potions of might
 B - 5 potions of mutation
 D - 7 potions of flight
 F - 5 potions of magic
 K - 3 potions of brilliance
 O - 3 potions of lignification
 U - a potion of cancellation
Miscellaneous
 W - a phial of floods


   Skills:
 + Level 11.1 Fighting
 - Level 8.5 Short Blades
 - Level 2.0 Throwing
 - Level 5.0 Armour
 - Level 0.7 Dodging
 - Level 10.0 Stealth
 - Level 5.0 Shields
 * Level 13.4 Invocations
 + Level 9.8 Evocations


You had 13 spell levels left.
You didn't know any spells.
Your spell library contained the following spells:

 Spells                   Type           Power      Damage    Failure   Level
 Magic Dart               Conj           0%         1d3       71%         1
 Ensorcelled Hibernation  Hex/Ice        0%         N/A       85%         2
 Searing Ray              Conj           0%         2d4       85%         2
 Spider Form              Tmut/Pois      0%         N/A       97%         3
 Tukima's Dance           Hex            0%         N/A       97%         3
 Anguish                  Hex/Necr       0%         N/A       100%        4
 Fulminant Prism          Conj/Hex       0%         3d5       100%        4
 Passage of Golubria      Tloc           0%         N/A       100%        4
 Yara's Violent Unravell  Hex/Tmut       0%         3d3       100%        5
 Enfeeble                 Hex            0%         N/A       100%        7


Dungeon Overview and Level Annotations

Branches:
Dungeon (12/15)            Temple (1/1) D:6            Lair (5/5) D:10
  Swamp (0/4) Lair:3        Snake (0/4) Lair:2        Slime (0/5) Lair:5
    Orc (0/2) D:9         Ossuary (visited)         Volcano (visited)

Altars:
Ashenzari
Cheibriados
Elyvilon
Fedhas
Hepliaklqana
Kikubaaqudgha
Makhleb
Nemelex Xobeh
Okawaru
Qazlal
Ru
Sif Muna
Trog
Uskayaw
Wu Jian
Xom
Yredelemnul
The Shining One

Shops:
D:5 (   D:7 *?=[(   D:8 [

Portals:
Abyss: Lair:1

Annotations:
D:3 1 runed translucent door, Crazy Yiuf
D:6 1 runed translucent door, ouz's ghost, novice KoBr
D:9 1 runed translucent door, Shenda's ghost, journeyman FoFi
Lair:1 2 transporters, Shenda's ghost, journeyman DrIE
Lair:5 3 runed translucent doors, Athor's ghost, journeyman FoFi; Verendum's ghost, journeyman MiBe; gabibbone's ghost, journeyman GnAr


Innate Abilities, Weirdness & Mutations

You have razor-sharp teeth.
Your natural rate of healing is unusually fast.
When hurt, damage is shared between your health and your magic reserves.
Your bite disrupts and absorbs the magic of your enemies.
Potions cannot restore your health.


Message History

You kill the polar bear!
The wolf bites you but does no damage.
You hit the spriggan.
You bite the spriggan, but do no damage.
The spriggan is heavily wounded.
A dream sheep comes into view.
The wolf bites you but does no damage. The wolf barely misses you.
The komodo dragon bites you!!
As you read the scroll of teleportation, it crumbles to dust.
You feel strangely unstable.
The spriggan hits you but does no damage.
The spriggan rider hits you from afar with a +0 spear!
The wolf closely misses you. The wolf bites you but does no damage.
An elephant comes into view.
The komodo dragon bites you!!
The dream sheep are wreathed in dream dust.
You feel drowsy...
You fall asleep.
The wolf bites you.
You wake up.
The wolf bites you but does no damage.
The spriggan hits you but does no damage.
You block the spriggan rider's attack. The wolf barely misses you.
The wolf bites you but does no damage. The komodo dragon bites you!!
* * * LOW HITPOINT WARNING * * *
Unknown command.
You hit the spriggan but do no damage. Your bite misses the spriggan.
The spriggan is heavily wounded.
The spriggan hits you but does no damage.
You block the spriggan rider's attack.
You hit the spriggan. Your bite misses the spriggan.
The spriggan is severely wounded.
You block the wolf's attack. The wolf bites you but does no damage.
You puncture the spriggan!
You kill the spriggan!
You block the wolf's attack. The wolf closely misses you.
The komodo dragon bites you!
* * * LOW HITPOINT WARNING * * *
You block the wolf's attack. The wolf barely misses you.
The wolf closely misses you. You block the wolf's attack. The wolf bites you!
* * * LOW HITPOINT WARNING * * *
The spriggan rider hits you from afar with a +0 spear!!
You die...

♣♣♣♣♣♣ ♣♣♣♣♣
♣♣♣♣♣♣hhhi♣♣♣♣♣♣♣♣♣.....
.YYFhhh@♣l.ih....... ♣..
..YY{♣♣♣♣♣♣gY......♣ ♣♣♣
..♣♣ ♣♣♣♣.YY...♣♣
♣....)....♣ ♣♣♣♣
♣......♣♣...♣♣...
♣♣♣♣.....♣♣ ♣.....♣
♣♣.....♣..♣ ..♣
........♣♣♣ ♣
..♣♣♣♣....♣♣♣


You could see a spriggan rider, a cane toad (summoned), 6 wolves and 4 dream
sheep.

Vanquished Creatures
  Josephine (Lair:4)
  A fire dragon (Volcano)
  Erolcha (D:11)
  Harold (D:10)
  6 hydras
  A boulder beetle (Lair:2)
  A catoblepas (Lair:5)
  Erica (D:8)
  3 two-headed ogres
  11 death yaks (Lair:5)
  4 sun demons (Volcano)
  Sonja (Lair:3)
  Amaemon (D:10)
  Pikel (D:5)
  6 elephants (Lair:5)
  3 smoke demons (Volcano)
  Joseph (D:10)
  2 rime drakes
  An orange demon (D:10)
  10 cane toads
  A kobold demonologist (D:10)
  Psyche (D:8)
  5 komodo dragons
  A troll (D:11)
  8 polar bears
  Grinder (D:3)
  Prince Ribbit (D:5)
  2 hornets (Lair:5)
  4 blink frogs (Lair:4)
  A dream sheep (Lair:5)
  5 wraiths (Lair:4)
  9 spriggans (Lair:5)
  Sigmund (D:3)
  15 yaks
  5 wyverns
  Eustachio (D:4)
  5 steam dragons (Volcano)
  3 basilisks
  4 vampire mosquitoes
  2 nagas (Lair:2)
  An acid dragon (D:11)
  13 water moccasins
  A hell hound (Volcano)
  3 orc warriors
  2 sky beasts
  3 black bears
  4 ice beasts
  3 boggarts (Lair:5)
  5 centaurs
  32 wolves
  A phantom (D:7)
  A lemure (D:5)
  3 kobold brigands
  2 gnoll sergeants
  10 bullfrogs
  2 scorpions (D:6)
  A necrophage (D:4)
  A wight (D:6)
  2 water moccasin zombies (Ossuary)
  An electric eel (D:6)
  A gnoll bouda (D:7)
  6 orc priests
  4 hounds
  19 jellies
  14 orc wizards
  4 iguanas
  2 mummies (Ossuary)
  14 gnolls
  8 adders
  3 shadow imps
  3 white imps
  2 ufetubi
  2 adder zombies (Ossuary)
  3 worms
  3 dart slugs
  28 orcs
  9 bats
  7 endoplasms
  5 giant cockroaches
  8 goblins
  5 hobgoblins
  5 jackals (D:4)
  21 kobolds
  3 quokkas
  3 training dummies (D:9)
  3 ball pythons (D:4)
  2 frilled lizards
  2 gnoll zombies (Ossuary)
  5 hobgoblin zombies (Ossuary)
  A kobold zombie (Ossuary)
  6 orc zombies (Ossuary)
  5 rats
  A butterfly (Lair:5)
430 creatures vanquished.

Vanquished Creatures (others)
  A gnoll (D:6)
  14 fungi
  19 plants
34 creatures vanquished.

Grand Total: 464 creatures vanquished

Notes
Turn   | Place    | Note
-------+----------+-------------------------------------------
     0 | D:1      | Charly the Vine Stalker Brigand began the quest for the
                  | Orb.
     0 | D:1      | Reached XP level 1. HP: 11/11 MP: 2/2
   316 | D:1      | Reached skill level 5 in Stealth
   316 | D:1      | Reached XP level 2. HP: 15/15 MP: 3/3
  1161 | D:2      | Reached XP level 3. HP: 14/18 MP: 2/4
  1763 | D:2      | Gained mutation: Your natural rate of healing is unusually
                  | fast. [Vine Stalker growth]
  1763 | D:2      | Reached XP level 4. HP: 23/23 MP: 5/5
  2127 | D:3      | Noticed Grinder
  2365 | D:3      | Found a blossoming altar of Fedhas.
  2365 | D:3      | Found a snail-covered altar of Cheibriados.
  2456 | D:3      | Noticed Sigmund
  2471 | D:3      | Killed Sigmund
  2472 | D:3      | Reached XP level 5. HP: 28/28 MP: 6/6
  2472 | D:3      | Reached XP level 6. HP: 32/32 MP: 7/7
  2802 | D:3      | Paralysed by Grinder for 2 turns
  2916 | D:3      | Found a runed translucent door.
  2917 | D:3      | Noticed Crazy Yiuf
  3318 | D:4      | Noticed a water moccasin
  3496 | D:4      | Noticed Eustachio
  3540 | D:4      | Killed Eustachio
  3541 | D:4      | Reached XP level 7. HP: 37/37 MP: 6/8
  3737 | D:5      | Entered Level 5 of the Dungeon
  3811 | D:5      | Noticed Pikel
  3891 | D:5      | Killed Pikel
  3892 | D:5      | Reached skill level 5 in Fighting
  3892 | D:5      | Reached skill level 5 in Short Blades
  3892 | D:5      | Gained mutation: You have razor-sharp teeth. [Vine Stalker
                  | growth]
  3892 | D:5      | Reached XP level 8. HP: 41/43 MP: 6/9
  4008 | D:5      | Noticed Prince Ribbit
  4023 | D:5      | Killed Prince Ribbit
  4024 | D:5      | Reached skill level 1 in Evocations
  4070 | D:5      | Found Noewewk's Weapon Boutique.
  4921 | D:3      | Paralysed by Grinder for 3 turns
  4935 | D:3      | Killed Grinder
  4936 | D:3      | Reached XP level 9. HP: 48/48 MP: 10/10
  5089 | D:6      | Noticed Maggie
  5092 | D:6      | Maggie changed into Maggie the hound
  5092 | D:6      | Noticed Maggie
  5105 | D:6      | Killed Maggie the hound
  5338 | D:6      | Reached skill level 10 in Stealth
  5340 | D:6      | Found a runed translucent door.
  5340 | D:6      | Found a shimmering altar of Xom.
  5340 | D:6      | Noticed a +3 mace of chaos
  5340 | D:6      | Noticed ouz's ghost (novice KoBr)
  5754 | D:6      | Found a shimmering altar of Xom.
  5884 | D:6      | Found a staircase to the Ecumenical Temple.
  5900 | Temple   | Entered the Ecumenical Temple
  5925 | Temple   | Became a worshipper of Uskayaw the Reveller
  5967 | D:6      | Reached * piety under Uskayaw
  5971 | D:6      | Reached ** piety under Uskayaw
  6002 | D:6      | Found a stormy altar of Qazlal.
  6067 | D:6      | Reached skill level 1 in Invocations
  6382 | D:7      | Found Uqop's Antique Weapon Shop.
  6419 | D:7      | Reached *** piety under Uskayaw
  6423 | D:7      | Reached **** piety under Uskayaw
  6430 | D:7      | Reached ***** piety under Uskayaw
  6471 | D:7      | Reached ****** piety under Uskayaw
  6473 | D:7      | Reached skill level 2 in Invocations
  6488 | D:7      | Reached XP level 10. HP: 40/53 MP: 12/12
  6637 | D:7      | Found Nunnun's Jewellery Emporium.
  6665 | D:7      | Found Qejex's Magic Scroll Boutique.
  6718 | D:7      | Reached skill level 3 in Invocations
  6792 | D:7      | Found Kikuodde's Assorted Antiques.
  6797 | D:7      | Bought a scroll labelled KOQIEJ ARANG for 25 gold pieces
  7043 | D:7      | Found Buwkitoips's Antique Armour Boutique.
  7131 | D:7      | Bought a scroll of blinking for 105 gold pieces
  7132 | D:7      | Bought a scroll of identify for 28 gold pieces
  7132 | D:7      | Bought a scroll of identify for 28 gold pieces
  7158 | D:7      | Bought a scroll of identify for 50 gold pieces
  7189 | D:8      | Found a sand-covered staircase.
  7197 | Ossuary  | Entered an ossuary
  7506 | D:8      | Noticed a two-headed ogre
  7508 | D:8      | Killed a two-headed ogre
  7509 | D:8      | Reached skill level 4 in Invocations
  7534 | D:8      | Reached skill level 5 in Evocations
  7534 | D:8      | Identified the +1 scale mail of the Equator {rElec Slay+2}
  7554 | D:8      | Found Nouth's Antique Armour Shoppe.
  7578 | D:8      | Found an ornate altar of the Wu Jian Council.
  7644 | D:8      | Noticed Erica
  7651 | D:8      | Killed Erica
  7653 | D:8      | Noticed Psyche
  7659 | D:8      | Killed Psyche
  7724 | D:8      | Reached skill level 5 in Invocations
  7983 | D:8      | Noticed Grum
  7985 | D:8      | Grum changed into Grum the endoplasm
  7985 | D:8      | Noticed Grum
  8007 | D:8      | Killed Grum the endoplasm
  8446 | D:9      | Identified a scroll of acquirement
  8447 | D:9      | Acquired a +1 quick blade of protection
  8471 | D:9      | Found a broken altar of Ashenzari.
  8513 | D:9      | Found Wyocsea's Firing Range.
  8526 | D:9      | Reached XP level 11. HP: 57/60 MP: 14/16
  8531 | D:9      | Reached skill level 1 in Armour
  8537 | D:9      | Reached skill level 6 in Invocations
  8878 | D:9      | Found a runed translucent door.
  8878 | D:9      | Noticed Shenda's ghost (journeyman FoFi)
  8881 | D:9      | Noticed a two-headed ogre
  8895 | D:9      | Killed a two-headed ogre
  8975 | D:9      | Found a staircase to the Orcish Mines.
  9420 | D:7      | Bought a crude ring mail for 171 gold pieces
  9420 | D:7      | Identified the +5 ring mail of the Invisible Beds {rF++
                  | Int+2 Dex-5 Stlth+} (You bought it in a shop on level 7 of
                  | the Dungeon)
  9520 | D:10     | Entered Level 10 of the Dungeon
  9571 | D:10     | Noticed Amaemon
  9584 | D:10     | Killed Amaemon
  9595 | D:10     | Reached skill level 7 in Invocations
  9905 | D:10     | Noticed Harold
  9910 | D:10     | Killed Harold
 10006 | D:10     | Noticed Joseph
 10007 | D:10     | Found a staircase to the Lair.
 10025 | D:10     | Killed Joseph
 10261 | D:11     | Noticed Erolcha
 10273 | D:11     | Killed Erolcha
 10533 | D:11     | Found an iron altar of Okawaru.
 10544 | D:11     | Reached skill level 8 in Invocations
 10561 | D:11     | Noticed a two-headed ogre
 10569 | D:11     | Killed a two-headed ogre
 11331 | Lair:1   | Entered Level 1 of the Lair of Beasts
 11332 | Lair:1   | Noticed an eight-headed hydra
 11346 | Lair:1   | Killed an eight-headed hydra
 11347 | Lair:1   | Reached XP level 12. HP: 65/65 MP: 19/19
 11457 | Lair:1   | Found a transporter.
 11657 | Lair:1   | Found a transporter.
 11673 | Lair:1   | Found a one-way gate to the infinite horrors of the Abyss.
 11673 | Lair:1   | Noticed Shenda's ghost (journeyman DrIE)
 11677 | Lair:1   | Noticed a tentacled starspawn
 11809 | Lair:1   | Noticed a thrashing horror
 12016 | Lair:2   | Found an ornate altar of the Wu Jian Council.
 12016 | Lair:2   | Found a hide-covered altar of Uskayaw.
 12016 | Lair:2   | Noticed a boulder beetle
 12040 | Lair:2   | Killed a boulder beetle
 12041 | Lair:2   | Reached skill level 9 in Invocations
 12316 | Lair:2   | Found a staircase to the Snake Pit.
 12356 | Lair:2   | Noticed a seven-headed hydra
 12361 | Lair:2   | Killed a seven-headed hydra
 12917 | Lair:3   | Noticed Sonja
 12922 | Lair:3   | Killed Sonja
 12965 | Lair:3   | Reached skill level 1 in Shields
 12965 | Lair:3   | Reached skill level 10 in Invocations
 13078 | Lair:3   | Found a staircase to the Swamp.
 13447 | D:8      | Bought a bloodstained chain mail for 266 gold pieces
 13447 | D:8      | Identified the +8 chain mail "Pugirimi" {Harm rN++} (You
                  | bought it in a shop on level 8 of the Dungeon)
 13937 | Lair:4   | Noticed a five-headed hydra
 13953 | Lair:4   | Reached skill level 5 in Armour
 13957 | Lair:4   | Killed a five-headed hydra
 13972 | Lair:4   | Reached XP level 13. HP: 71/71 MP: 21/21
 14068 | Lair:4   | Found a dark tunnel.
 14075 | Volcano  | Entered a volcano
 14193 | Volcano  | Reached skill level 11 in Invocations
 14320 | Volcano  | Noticed a fire dragon
 14352 | Volcano  | Killed a fire dragon
 14353 | Volcano  | Reached skill level 10 in Fighting
 14551 | Lair:4   | Noticed Josephine
 14569 | Lair:4   | Killed Josephine
 14676 | Lair:4   | You are sucked into a shaft and drop 1 floor!
 14676 | Lair:5   | Entered Level 5 of the Lair of Beasts
 14690 | Lair:5   | Found a staircase to the Slime Pits.
 14977 | Lair:5   | Reached skill level 12 in Invocations
 15109 | Lair:5   | Reached XP level 14. HP: 76/77 MP: 24/24
 15575 | Lair:5   | Reached skill level 5 in Shields
 15747 | Lair:5   | Found a runed translucent gate.
 15747 | Lair:5   | Found a runed translucent gate.
 15747 | Lair:5   | Found a runed translucent gate.
 15752 | Lair:5   | Noticed Athor's ghost (journeyman FoFi)
 15752 | Lair:5   | Noticed gabibbone's ghost (journeyman GnAr)
 15753 | Lair:5   | Noticed Verendum's ghost (journeyman MiBe)
 15775 | Lair:5   | Reached skill level 13 in Invocations
 16042 | Lair:5   | Mangled by a spriggan rider

Illustrated notes

Levels and vault maps discovered:
D:1:      dpeg_arrival_radiant, layout_basic, grunt_decor_one_mirror
D:2:      layout_loops_ring
D:3:      layout_loops_ring, gammafunk_temple_overflow_pools, uniq_grinder,
          uniq_sigmund, uniq_crazy_yiuf_cottage
D:4:      layout_loops_cross, uniq_eustachio
D:5:      layout_basic, serial_shops, shop, kennysheep_generic_room_14,
          uniq_pikel, uniq_prince_ribbit1
D:6:      layout_loops_corners, kennysheep_little_box, xom_confusion_cloud,
          minmay_temple_entry_purple_smoke, ebering_ghost_xom,
          serial_park_tiny_2, grunt_ministairs_15, nrook_loot_triangle,
          uniq_maggie
D:7:      layout_loops_ring, serial_shops, shop, shop, shop_fountains, shop,
          nicolae_shop_hallway_stairs, kennysheep_generic_room_9
D:8:      layout_basic, mainiacjoe_overflow_chevrons, serial_shops, shop,
          nicolae_ossuary_entry_plus, uniq_grum, uniq_erica, uniq_psyche
D:9:      layout_basic, ashenzari_altar_1, orc_0_dummy,
          hellmonk_ghost_happy_afterlife, grunt_decor_clamped,
          nicolae_shop_firing_range
D:10:     layout_small_grid, lair_entry_dummy, uniq_amaemon, uniq_joseph,
          uniq_harold
D:11:     layout_basic, okawaru_ov_weapons_minmay, uniq_erolcha
D:12:     layout_loops_corners, nicolae_water_bricks
Temple:   compressed_dpeg_triangle_lava_temple
Lair:1:   layout_chaotic_city, gammafunk_ghost_abyssal_escape
Lair:2:   layout_concentric_octagons, guppyfry_snake_entry_island,
          nzn_masters_of_martial_movement, lemuel_fruit_tree
Lair:3:   layout_cave_shapes, swamp_mist, uniq_sonja
Lair:4:   layout_gridlike, lightli_volcano_entry_magma_tube, grunt_megastairs_2,
          serial_bayou_shore_b, infiniplex_staircase_pool, uniq_josephine
Lair:5:   minmay_lair_end_enchanted_forest, layout_loops_ring,
          minmay_slime_entry_jelly_boxes, gammafunk_ghost_cemetery,
          bh_autumn_forest_stairs, lemuel_fruit_fields, serial_bayou_shore_a

Skill      XL: |  1  2  3  4  5  6  7  8  9 10 11 12 13 14 |
---------------+-------------------------------------------+-----
Stealth        | 5 6 7 8 9 10 | 10.0
Fighting       | 2 3 4 5 6 7 8 9 10 11 | 11.1
Short Blades   | 2 3 4 5 7 8 |  8.5
Throwing       | 2 |  2.0
Evocations     | 2 4 5 6 8 9 |  9.8
Invocations    | 2 5 8 10 12 13 | 13.4
Armour         | 3 5 |  5.0
Shields        | 2 4 5 |  5.0
Dodging        | |  0.7

Action                   |  1- 3 |  4- 6 |  7- 9 | 10-12 | 13-15 || total
-------------------------+-------+-------+-------+-------+-------++-------
Melee: Dagger            |    50 |   127 |   378 |   254 |       ||   809
       Bite              |    13 |    34 |   141 |   234 |   246 ||   668
       Punch             |     2 |     2 |     7 |     5 |       ||    16
       Quick blade       |       |       |       |   382 |   541 ||   923
Throw: Dart              |    25 |    30 |    33 |    13 |     2 ||   103
       Throwing net      |       |       |       |     2 |       ||     2
Invok: Line Pass         |       |       |     1 |     3 |     3 ||     7
       Stomp             |       |       |       |     1 |     1 ||     2
       Grand Finale      |       |       |       |       |     2 ||     2
Evoke: Wand              |       |       |     2 |    24 |     5 ||    31
  Use: Scroll            |     4 |     5 |     4 |    24 |     2 ||    39
 Stab: Sleeping          |     1 |     8 |     5 |    31 |     6 ||    51
       Confused          |       |       |     2 |       |     3 ||     5
       Paralysed         |       |       |     1 |    31 |    37 ||    69
       Distracted        |       |       |       |     1 |       ||     1
       Invisible         |       |       |       |     1 |       ||     1
Armor: Scale mail        |    10 |    52 |    42 |   111 |   135 ||   350
       Acid dragon scale |       |       |    75 |    40 |       ||   115
       Ring mail         |       |       |       |       |    31 ||    31
Dodge: Dodged            |    21 |    63 |   106 |   138 |   134 ||   462
Block: Buckler           |       |       |       |    10 |    86 ||    96

Table legend: (Time is in decaauts)
 A = Elapsed time spent in this place.
 B = Non-inter-level travel time spent in this place.
 C = Inter-level travel time spent in this place.
 D = Time resting spent in this place.
 E = Time spent auto-exploring this place.
 F = Levels seen in this place.
 G = Mean time per level.
                   A        B        C        D        E       F      G
               +--------+--------+--------+--------+--------+-----+--------+
         Total |  15109 |  13670 |   1439 |    115 |  10473 |  20 |  755.5 |
       Dungeon |  10848 |   9746 |   1102 |    115 |   7536 |  12 |  904.0 |
        Temple |     43 |     26 |     17 |      0 |     14 |   1 |   43.0 |
          Lair |   3791 |   3471 |    320 |      0 |   2748 |   5 |  758.2 |
       Ossuary |    107 |    107 |      0 |      0 |     62 |   1 |  107.0 |
       Volcano |    317 |    317 |      0 |      0 |    113 |   1 |  317.0 |
               +--------+--------+--------+--------+--------+-----+--------+

Top non-repeatable levels by time:
     D:1: 1232 daAuts
     D:6: 1171 daAuts
     D:8: 1091 daAuts
     D:3: 1078 daAuts
    D:11: 1060 daAuts
     D:5: 1023 daAuts
     D:9: 1017 daAuts
     D:2: 942 daAuts
  Lair:3: 912 daAuts
  Lair:4: 763 daAuts
     D:7: 761 daAuts
  Lair:2: 756 daAuts
    D:10: 739 daAuts
     D:4: 727 daAuts
  Lair:1: 695 daAuts
